 Dungeon Crawl Stone Soup version 0.20.1-1-g8b1a95d (webtiles) character file.

1723 theAP the Digger (level 9, 0/52 HPs)
             Began as a Gargoyle Earth Elementalist on Aug 31, 2017.
             Was a Follower of Vehumet.
             Slain by Pikel
             ... wielding a +0 whip of flaming
              (1 damage)
             ... on level 7 of the Dungeon.
             The game lasted 00:23:19 (5001 turns).

theAP the Digger (Gargoyle Earth Elementalist)      Turns: 5001, Time: 00:23:21

Health: 0/52       AC:  8    Str: 11    XL:     9   Next: 4%
Magic:  0/17       EV: 12    Int: 20    God:    Vehumet [*.....]
Gold:   310        SH:  0    Dex: 10    Spells: 9/18 levels left

rFire    . . .     SeeInvis .   x - +1 whip
rCold    . . .     Gourm    .   (no shield)
rNeg     + + .     Faith    .   m - +1 robe {MR+}
rPois    ∞         Spirit   .   v - +2 hat
rElec    +         Reflect  .   (no cloak)
rCorr    .         Harm     +   (no gloves)
MR       ++...                  (no boots)
Stlth    ++........             q - amulet of harm
Regen    0.2/turn               r - ring of positive energy
MPRegen  0.2/turn               B - ring of poison resistance

@: corroded
A: slimy green scales 1, magic resistance 1, negative energy resistance 1,
electricity resistance, unbreathing, petrification resistance, rot immunity, AC
+5
a: Renounce Religion


You were on level 7 of the Dungeon.
You worshipped Vehumet.
Vehumet was aware of your devotion.
You were not hungry.

You visited 2 branches of the dungeon, and saw 8 of its levels.

You collected 310 gold pieces.

Inventory:

Hand Weapons
 x - a +1 whip (weapon)
Missiles
 b - 170 stones (quivered)
Armour
 c - a +0 robe
 f - a +0 pair of boots
 l - a +2 shield
 m - a +1 robe of magic resistance (worn)
 o - a +0 buckler
 v - a +2 hat (worn)
Jewellery
 q - an amulet of harm (around neck)
 r - a ring of positive energy (left hand)
 B - a ring of poison resistance (right hand)
Wands
 u - a wand of flame (35/48)
 y - a wand of confusion (48/48)
Scrolls
 a - 2 scrolls of teleportation
 i - a scroll of brand weapon {unknown}
 k - 3 scrolls of recharging
 t - a scroll of identify
Potions
 g - a potion of resistance
 j - a potion of might
 p - 2 potions of haste
 s - 2 potions of mutation {unknown}
 z - 2 potions of invisibility
 A - 5 potions of lignification {unknown}
 D - a potion of brilliance {unknown}
Books
 e - a book of Geomancy

   Spells                             Type                      Level
   a - Sandblast                      Earth                        1
   b - Passwall                       Transmutation/Earth          2
   c - Stone Arrow                    Conjuration/Earth            3
   d - Petrify                        Transmutation/Earth          4
   e - Lee's Rapid Deconstruction     Earth                        5
 h - a book of Conjurations

   Spells                             Type                      Level
   a - Magic Dart                     Conjuration                  1
   b - Searing Ray                    Conjuration                  2
   c - Dazzling Spray                 Conjuration/Hexes            3
   d - Fulminant Prism                Conjuration/Hexes            4
   e - Force Lance                    Conjuration/Translocation    4
   f - Iskenderun's Mystic Blast      Conjuration                  4
Comestibles
 d - 2 bread rations
 n - a meat ration


   Skills:
 + Level 4.3 Fighting
 + Level 3.2 Maces & Flails
 - Level 1.5 Dodging
 - Level 2.1 Stealth
 + Level 5.4 Spellcasting
 + Level 4.0 Conjurations
   Level 0.7 Transmutations
 + Level 7.8 Earth Magic
 + Level 3.3 Evocations


You had 9 spell levels left.
You knew the following spells:

 Your Spells              Type           Power        Failure   Level  Hunger
a - Sandblast             Erth           #####.       1%          1    None
b - Stone Arrow           Conj/Erth      ####..       2%          3    ##.....
c - Lee's Rapid Deconstr  Erth           #####.....   12%         5    #####..


Dungeon Overview and Level Annotations

Branches:
Dungeon (8/15)             Temple (1/1) D:4
   Lair: D:8-11

Altars:
Ashenzari
Cheibriados
Elyvilon
Fedhas
Gozag
Hepliaklqana
Nemelex Xobeh
Okawaru
Qazlal
Ru
Sif Muna
Trog
Uskayaw
Vehumet
Xom
Yredelemnul
Zin
The Shining One

Annotations:
D:2 Robin
D:5 ConnectionFaild's ghost, novice CeHu
D:7 Pikel


Innate Abilities, Weirdness & Mutations

You are resistant to torment.
Your stone body is resilient. (AC +5)
You are immune to poison.
You resist negative energy. (rN+)
You are resistant to electric shocks. (rElec)
You can survive without breathing.
You are immune to petrification.
You are immune to rotting.
You are partially covered in slimy green scales. (AC +2)
You are resistant to hostile enchantments. (MR+)


Message History

Confirm with . or Enter, or press ? or * to list all spells.
Aiming: Sandblast
Press: ? - help, Shift-Dir - straight line, f/p - Pikel
Aim: Pikel, wielding a whip of flaming, wearing a robe and carrying a wand of acid (?/15) {zapped: 2} (almost dead)
The blast of sand hits Pikel.
Pikel is almost dead.
b - 171 stones Pikel hits you but does no damage.
Casting: Sandblast
Confirm with . or Enter, or press ? or * to list all spells.
Aiming: Sandblast
Press: ? - help, Shift-Dir - straight line, f/p - Pikel
Aim: Pikel, wielding a whip of flaming, wearing a robe and carrying a wand of acid (?/15) {zapped: 2} (almost dead)
The blast of sand misses Pikel.
The blast of sand hits the slave.
The slave is almost dead.
b - 170 stones Pikel hits you with a whip of flaming.
* * * LOW HITPOINT WARNING * * *
Pikel burns you.
You die...

#.#......#
#.####.#......#
#.....#.....>.#
#.#......#
#...)#...#
####...#.#
##.##.# .
#.##S#....
#.@Kpp....
####p.....
##... .


You could see Pikel, 3 slaves and an adder.

Vanquished Creatures
  Eustachio (D:5)
  Edmund (D:5)
  A slave (D:7)
  A sky beast (D:5)
  An ogre (D:5)
  2 phantoms
  A centaur (D:8)
  2 scorpions
  5 wights (D:7)
  A jelly (D:5)
  2 bullfrog skeletons (D:5)
  3 orc priests
  An iguana (D:7)
  5 orc wizards
  3 worker ants
  A killer bee zombie (D:8)
  7 adders
  10 gnolls
  2 oozes
  2 worms
  A dart slug (D:2)
  2 leopard geckos (D:2)
  15 orcs
  9 bats
  2 giant cockroaches
  12 goblins
  14 hobgoblins
  3 jackals (D:3)
  5 quokkas
  A ball python (D:2)
  6 frilled lizards
  A jackal skeleton (D:5)
  13 kobolds
  A leopard gecko zombie (D:5)
  A quokka zombie (D:5)
  9 rats
147 creatures vanquished.

Vanquished Creatures (others)
  5 toadstools (D:1)
5 creatures vanquished.

Grand Total: 152 creatures vanquished

Notes
Turn   | Place    | Note
-------+----------+-------------------------------------------
     0 | D:1      | theAP the Gargoyle Earth Elementalist began the quest for the Orb.
     0 | D:1      | Reached XP level 1. HP: 10/10 MP: 3/3
   149 | D:1      | Reached XP level 2. HP: 15/15 MP: 1/5
   331 | D:1      | Reached skill level 4 in Earth Magic
   732 | D:2      | Found a sacrificial altar of Ru.
   733 | D:2      | Reached XP level 3. HP: 19/19 MP: 3/6
   834 | D:2      | Noticed Robin
   872 | D:1      | Learned a level 3 spell: Stone Arrow
   911 | D:2      | Reached XP level 4. HP: 18/24 MP: 6/8
   924 | D:2      | Reached skill level 5 in Earth Magic
  1003 | D:2      | Found a shattered altar of Ashenzari.
  1003 | D:2      | Found an opulent altar of Gozag.
  1004 | D:2      | Found a hazy altar of Hepliaklqana.
  1400 | D:2      | Found a sparkling altar of Nemelex Xobeh.
  1655 | D:3      | Reached XP level 5. HP: 28/28 MP: 5/10
  1839 | D:3      | Reached skill level 6 in Earth Magic
  2234 | D:3      | Reached XP level 6. HP: 32/32 MP: 5/11
  2343 | D:3      | Found a deep blue altar of Sif Muna.
  2546 | D:4      | Found a blossoming altar of Fedhas.
  2551 | D:4      | Found a stormy altar of Qazlal.
  2635 | D:4      | Reached skill level 1 in Conjurations
  2736 | D:4      | Found a staircase to the Ecumenical Temple.
  2749 | Temple   | Entered the Ecumenical Temple
  2841 | Temple   | Became a worshipper of Vehumet
  2878 | D:4      | Reached skill level 1 in Evocations
  2881 | D:4      | Reached skill level 1 in Fighting
  3102 | D:4      | Noticed a phantom
  3107 | D:4      | Killed a phantom
  3107 | D:4      | Reached skill level 1 in Maces & Flails
  3107 | D:4      | Reached XP level 7. HP: 38/38 MP: 2/13
  3550 | D:5      | Entered Level 5 of the Dungeon
  3563 | D:5      | Learned a level 5 spell: Lee's Rapid Deconstruction
  3577 | D:5      | Noticed Eustachio
  3826 | D:5      | Reached skill level 7 in Earth Magic
  3910 | D:5      | Found an iron altar of Okawaru.
  3965 | D:5      | Reached XP level 8. HP: 43/45 MP: 6/15
  3968 | D:5      | Gained mutation: You are resistant to hostile enchantments. (MR+) [mutagenic meat]
  3969 | D:5      | Gained mutation: You are partially covered in slimy green scales. (AC +2) [mutagenic meat]
  4127 | D:5      | Killed Eustachio
  4327 | D:5      | Noticed Edmund
  4338 | D:5      | Killed Edmund
  4338 | D:5      | Reached skill level 5 in Spellcasting
  4386 | D:5      | Noticed ConnectionFaild's ghost (novice CeHu)
  4653 | D:5      | You fall through a shaft for 3 floors!
  4847 | D:7      | Reached * piety under Vehumet
  4847 | D:7      | Offered knowledge of Sting by Vehumet.
  4879 | D:7      | Reached XP level 9. HP: 35/52 MP: 4/17
  4971 | D:7      | Noticed Pikel
  4999 | D:7      | HP: 1/52 [acid (12)]
  5001 | D:7      | Slain by Pikel

Skill      XL: |  1  2  3  4  5  6  7  8  9 |
---------------+----------------------------+-----
Earth Magic    | 4 5 6 7 |  7.8
Spellcasting   | 3 4 5 |  5.4
Conjurations   | 1 2 3 4 |  4.0
Evocations     | 1 2 3 |  3.3
Fighting       | 1 2 4 |  4.3
Maces & Flails | 1 2 3 |  3.2
Dodging        | |  1.5
Stealth        | |  2.1
Transmutations | |  0.7

Action                   |  1- 3 |  4- 6 |  7- 9 || total
-------------------------+-------+-------+-------++-------
Melee: Unarmed           |     2 |    15 |       ||    17
       Whip              |       |       |    58 ||    58
 Cast: Sandblast         |    43 |   120 |    78 ||   241
       Stone Arrow       |       |     3 |    20 ||    23
       Lee's Rapid Decon |       |       |     6 ||     6
  Use: Scroll            |       |       |    16 ||    16
       Potion            |       |       |     6 ||     6
  Eat: Chunk             |       |     5 |     2 ||     7
       Royal jelly       |       |     1 |     1 ||     2
       Meat ration       |       |       |     2 ||     2
Armor: Robe              |     9 |    19 |    54 ||    82
Dodge: Dodged            |    17 |    30 |    76 ||   123
